 Dungeon Sprint DCSS version 0.19.5 (webtiles) character file.

6700000 QuCean the Axe Maniac (level 27, -7/323 HPs)
             Began as a Troll Monk on May 9, 2017.
             Was the Champion of Makhleb.
             Killed by divine providence
             ... invoked by an accursed
              (13 damage)
             ... in the Dungeon (Sprint VIII: "Arena of Blood").
             The game lasted 00:04:32 (67 turns).

QuCean the Axe Maniac (Troll Monk)                    Turns: 67, Time: 00:04:33

Health: -7/323     AC:  7    Str: 33    XL:     27
Magic:  27/53      EV: 28    Int:  6    God:    Makhleb [******]
Gold:   0          SH:  0    Dex: 15    Spells: 0 memorised, 80 levels left

rFire  . . .     SeeInvis .     j - +∞ Axe of Woe
rCold  . . .     Gourm    +     b - +0 robe
rNeg   . . .     Faith    .     (shield currently unavailable)
rPois  .         Spirit   .     (helmet restricted)
rElec  .         Reflect  .     (no cloak)
rCorr  .         Harm     .     (gloves unavailable)
MR     ++...     NoTele   +     (boots unavailable)
Stlth  +++++++++.               (no amulet)
                                (no ring)
                                (no ring)

@: marked
A: unfitting armour, claws 3, fast metabolism 3, gourmand, regeneration 1,
shaggy fur 1, tough skin 2
a: Minor Destruction, Lesser Servant of Makhleb, Major Destruction, Greater
Servant of Makhleb, Renounce Religion


You were in the Dungeon.
You worshipped Makhleb.
Makhleb was exalted by your worship.
You were not hungry.

You visited 1 branch

Inventory:

Hand Weapons
 a - a +0 hand axe
 j - the +∞ Axe of Woe (weapon)
   (You found it in the Dungeon)
Armour
 b - a +0 robe (worn)
Scrolls
 i - a scroll of blinking
Potions
 d - a potion of curing
 e - a potion of heal wounds
 f - a potion of haste
 g - 2 potions of magic
 h - a potion of berserk rage
Comestibles
 c - 2 bread rations


   Skills:
 O Level 27 Fighting
 O Level 27 Axes
 O Level 27 Throwing
 O Level 27 Armour
 O Level 27 Dodging
 O Level 27 Stealth
 O Level 27 Unarmed Combat
 O Level 27 Spellcasting
 O Level 27 Invocations


You had 80 spell levels left.
You didn't know any spells.

Dungeon Overview and Level Annotations

Branches:
Dungeon (1/1)

Altars:
Makhleb

Annotations:
D The Captor


Innate Abilities, Weirdness & Mutations

You are too large for most types of armour.
You have claws for hands.
Your metabolism is lightning-fast.
You like to eat raw meat.
Your natural rate of healing is unusually fast.
You are covered in fur. (AC +1)
You have very tough skin. (AC +2)


Message History

A meat berserker comes into view. It is wielding a +9 battleaxe.
Things that are here:
a +9 war axe; a +30 ring of slaying An accursed comes into view.
You hear a shout! x2
The accursed points at you and mumbles some strange words.
Something smites you!
You hear a shout! x3
The accursed casts a spell at you. Something smites you!
You hear a shout!
The meat berserker hits you with a +9 battleaxe!!
You hear a shout! x2
The destroyer hits you with a +9 great sword of slicing!!!!!
Ouch! That really hurt!
* * * LOW HITPOINT WARNING * * *
x2 The destroyer bites you but does no damage.
The accursed gestures at you while chanting.
Something smites you!
You die...

.... ..........
..M.. .........
..... #)).....#
..#V.. #)).....#
.....O###)).....###.
......)))))###......
..#..)))))._.......
#....)V)#§)...#V...
......M@@#_)<._# .
.#......O#.)...#
...#........_......
...........###......
......###... .O###.
...W. #.... ..#
..... #....M .# ....
.....oO..


You could see 3 accurseds, 2 destroyers, a dread, The Captor, 3 meat berserkers
and a bag of meat.

Vanquished Creatures
  A greater mummy (D)
  11 vampire knights (D)
  12 ogres (D)
  4 liches (D)
  46 orcs (D)
  2 skeletal warriors (D)
  2 large abominations (D)
  5 small abominations (D)
  7 crawling corpses (D)
90 creatures vanquished.

Notes
Turn   | Place    | Note
-------+----------+-------------------------------------------
     0 | D        | QuCean the Troll Monk began the quest for the Orb.
     0 | D        | Reached XP level 1. HP: 22/22 MP: 0/0
     3 | D        | Noticed a bag of meat
     5 | D        | Noticed a bag of meat
     6 | D        | Became a worshipper of Makhleb the Destroyer
     6 | D        | Reached * piety under Makhleb
     6 | D        | Reached ** piety under Makhleb
     8 | D        | Noticed a bag of meat
     8 | D        | Killed a bag of meat
     8 | D        | Reached XP level 2. HP: 54/54 MP: 1/1
     8 | D        | Reached XP level 3. HP: 62/62 MP: 2/2
     8 | D        | Reached XP level 4. HP: 71/71 MP: 3/3
     8 | D        | Reached XP level 5. HP: 79/79 MP: 4/4
     8 | D        | Reached XP level 6. HP: 88/88 MP: 5/5
     8 | D        | Reached XP level 7. HP: 96/96 MP: 6/6
     8 | D        | Reached XP level 8. HP: 105/105 MP: 7/7
     8 | D        | Reached XP level 9. HP: 113/113 MP: 8/8
     8 | D        | Reached XP level 10. HP: 122/122 MP: 9/9
     8 | D        | Reached XP level 11. HP: 130/130 MP: 10/10
     9 | D        | Noticed a meat berserker
    10 | D        | Killed a meat berserker
    10 | D        | Reached skill level 5 in Stealth
    10 | D        | Reached XP level 12. HP: 150/150 MP: 11/11
    10 | D        | Reached XP level 13. HP: 158/158 MP: 12/12
    11 | D        | Noticed a bag of meat
    13 | D        | Noticed a bag of meat
    13 | D        | Noticed a meat berserker
    13 | D        | Noticed a meat berserker
    13 | D        | Killed a bag of meat
    13 | D        | Reached XP level 14. HP: 170/170 MP: 13/13
    14 | D        | Noticed a bag of meat
    15 | D        | Noticed a meat berserker
    15 | D        | Killed a bag of meat
    15 | D        | Reached *** piety under Makhleb
    15 | D        | Killed a meat berserker
    15 | D        | Reached XP level 15. HP: 101/187 MP: 14/14
    15 | D        | Killed a meat berserker
    15 | D        | Reached XP level 16. HP: 194/204 MP: 15/15
    18 | D        | Reached **** piety under Makhleb
    18 | D        | Killed a meat berserker
    18 | D        | Reached XP level 17. HP: 219/219 MP: 16/16
    21 | D        | Noticed a meat berserker
    22 | D        | Noticed a meat berserker
    23 | D        | Reached ***** piety under Makhleb
    23 | D        | Reached skill level 27 in Fighting
    23 | D        | Reached skill level 27 in Axes
    25 | D        | Noticed a meat berserker
    25 | D        | Noticed a destroyer
    25 | D        | Noticed a destroyer
    25 | D        | Killed a meat berserker
    25 | D        | Reached skill level 27 in Dodging
    25 | D        | Reached XP level 18. HP: 236/236 MP: 17/17
    26 | D        | Noticed a meat berserker
    26 | D        | Killed a destroyer
    26 | D        | Killed a meat berserker
    26 | D        | Reached XP level 19. HP: 245/245 MP: 18/18
    28 | D        | Noticed a destroyer
    28 | D        | Killed a destroyer
    28 | D        | Reached skill level 15 in Invocations
    28 | D        | Reached XP level 20. HP: 256/256 MP: 18/31
    30 | D        | Noticed a meat berserker
    30 | D        | Killed a meat berserker
    30 | D        | Reached ****** piety under Makhleb
    30 | D        | Killed a meat berserker
    30 | D        | Reached skill level 27 in Stealth
    30 | D        | Reached XP level 21. HP: 265/265 MP: 18/37
    30 | D        | Reached skill level 27 in Invocations
    31 | D        | Reached skill level 10 in Unarmed Combat
    31 | D        | Killed a destroyer
    31 | D        | Reached skill level 15 in Unarmed Combat
    31 | D        | Reached skill level 10 in Spellcasting
    31 | D        | Reached skill level 15 in Throwing
    31 | D        | Reached XP level 22. HP: 275/275 MP: 18/38
    33 | D        | Reached skill level 15 in Armour
    34 | D        | Reached skill level 15 in Spellcasting
    35 | D        | Reached XP level 23. HP: 284/284 MP: 19/42
    36 | D        | Noticed a destroyer
    37 | D        | Noticed a destroyer
    38 | D        | Killed a destroyer
    38 | D        | Reached skill level 27 in Unarmed Combat
    38 | D        | Reached XP level 24. HP: 295/295 MP: 19/46
    38 | D        | Reached skill level 27 in Throwing
    39 | D        | Reached skill level 27 in Armour
    40 | D        | Noticed a destroyer
    40 | D        | Killed a destroyer
    40 | D        | Reached skill level 27 in Spellcasting
    40 | D        | Reached XP level 25. HP: 304/304 MP: 20/53
    44 | D        | Noticed a destroyer
    45 | D        | Noticed a destroyer
    46 | D        | Noticed a destroyer
    49 | D        | Noticed a destroyer
    49 | D        | Killed a destroyer
    49 | D        | Reached XP level 26. HP: 115/314 MP: 22/53
    49 | D        | Killed a destroyer
    50 | D        | Noticed a tyrant
    50 | D        | Noticed a destroyer
    51 | D        | Killed a destroyer
    52 | D        | Noticed an accursed
    52 | D        | Killed a destroyer
    52 | D        | Reached XP level 27. HP: 280/323 MP: 23/53
    54 | D        | Noticed a tyrant
    55 | D        | Noticed an accursed
    55 | D        | Killed a destroyer
    55 | D        | Killed an accursed
    56 | D        | Noticed a tyrant
    56 | D        | Noticed an accursed
    56 | D        | Noticed a tyrant
    60 | D        | Killed a destroyer
    61 | D        | Noticed The Captor
    62 | D        | Killed a tyrant
    62 | D        | Killed a tyrant
    63 | D        | Killed a tyrant
    63 | D        | Killed a tyrant
    64 | D        | Noticed a destroyer
    66 | D        | Noticed a destroyer
    66 | D        | Noticed a dread
    67 | D        | Noticed an accursed
    67 | D        | HP: 6/323 [destroyer/+9 great sword of slicing (48)]
    67 | D        | Killed from afar by an accursed

Skill      XL: |  1  2  3  4  5  6  7  8  9 10 11 12 13 14 15 16 17 18 19 20 21 22 23 24 |
---------------+-------------------------------------------------------------------------+-----
Fighting       | 14 17 18 21 23 25 27 | 27.0
Axes           | 14 17 18 21 23 25 27 | 27.0
Dodging        | 13 17 18 20 21 23 27 | 27.0
Stealth        | 4 5 6 7 11 21 23 27 | 27.0
Invocations    | 17 26 27 | 27.0
Throwing       | 15 21 26 27 | 27.0
Armour         | 14 20 24 27 | 27.0
Unarmed Combat | 16 23 27 | 27.0
Spellcasting   | 11 16 20 27 | 27.0

Action                   |  1- 3 |  4- 6 |  7- 9 | 10-12 | 13-15 | 16-18 | 19-21 | 22-24 | 25-27 || total
-------------------------+-------+-------+-------+-------+-------+-------+-------+-------+-------++-------
Melee: Executioner's axe |     1 |       |       |     1 |     2 |     5 |     3 |     8 |    19 ||    39
Invok: Major Destruction |       |       |       |       |       |       |     1 |       |       ||     1
Armor: Robe              |       |       |       |       |       |       |       |       |     2 ||     2
Dodge: Dodged            |       |       |       |     1 |     1 |       |       |     1 |     1 ||     4
